 Dungeon Crawl Stone Soup version 0.30-a0-414-gcb316572d5 (webtiles) character file.

Game seed: 10498236898371127825

342 lunkers the Cutter (level 7, -5/55 HPs)
             Began as a Meteoran Gladiator on Dec 8, 2022.
             Slain by Duvessa
             ... wielding a +0 rapier
              (14 damage)
             ... on level 4 of the Dungeon.
             The game lasted 00:03:46 (1569 turns).

lunkers the Cutter (Meteoran Gladiator)             Turns: 1569, Time: 00:03:47

Health: -5/55      AC:  7    Str: 17    XL:     7   Next: 12%
Magic:  8/8        EV: 13    Int: 11    God:
Gold:   121        SH:  0    Dex: 15    Spells: 6/6 levels left

rFire   . . .      SeeInvis .    a - +2 dagger (speed)
rCold   . . .      Faith    .    (no shield)
rNeg    . . .      Spirit   .    b - +0 leather armour
rPois   .          Reflect  .    c - +0 helmet
rElec   .          Harm     .    (no cloak)
rCorr   .          Rampage  .    (no gloves)
Will    .....                    n - +2 pair of boots
Stlth   +.........               s - amulet of regeneration
HPRegen 1.09/turn                (no ring)
MPRegen 0.11/turn                (no ring)

@: glowing
A: sense surroundings 1, otherworldly, glowing, explore regen
a: no special abilities


You were on level 4 of the Dungeon.
You visited 1 branch of the dungeon, and saw 4 of its levels.

You collected 121 gold pieces.

Inventory:

Hand Weapons
 a - a +2 dagger of speed (weapon)
 j - a +0 rapier
 w - a +2 flail of protection
Missiles
 d - 3 throwing nets
 e - a javelin
Armour
 b - a +0 leather armour (worn)
 c - a +0 helmet (worn)
 m - a +0 pair of boots
 n - a +2 pair of boots (worn)
 p - a +0 helmet
Jewellery
 s - an amulet of regeneration (around neck)
 v - a +6 ring of intelligence
Scrolls
 f - a scroll of fear {unknown}
 g - a scroll of vulnerability {unknown}
 i - 3 scrolls of identify {unknown}
 l - a scroll of enchant armour {unknown}
 q - a scroll of fog {unknown}
 t - 2 scrolls of teleportation {unknown}
Potions
 h - 2 potions of lignification {unknown}
 k - a potion of attraction {unknown}
 o - a potion of brilliance
 r - 2 potions of curing


   Skills:
 - Level 2.1 Fighting
 + Level 7.9 Short Blades
 - Level 2.4 Throwing
 - Level 3.6 Dodging


You had 6 spell levels left.
You didn't know any spells.
Your spell library contained the following spells:

 Spells                   Type           Power      Damage    Failure   Level
 Blink                    Tloc           0%         N/A       54%         2
 Momentum Strike          Conj/Tloc      0%         3d8       54%         2
 Lesser Beckoning         Tloc           0%         N/A       78%         3


Dungeon Overview and Level Annotations

Branches:
Dungeon (4/15) Zot: 1012
 Temple: D:4-7

Altars:

Annotations:
D:4 Duvessa


Innate Abilities, Weirdness & Mutations

You passively map a small area around you.
You are easily found by Zot.
You glow in the dark.
You regain HP and MP as you explore.


Message History

Duvessa goes berserk!
Duvessa hits you but does no damage.
You have reached level 7!
Aiming: Quicksilver Bolt
Press: ? - help, Shift-Dir - straight line, f/p - Duvessa
Aim: Duvessa, wielding a +0 rapier and wearing a +0 leather armour (heavily wounded, berserk, 75% to hit)
The bolt of dispelling energy misses Duvessa.
Duvessa closely misses you. Duvessa hits you with a +0 rapier.
* * * LOW HITPOINT WARNING * * *
Aiming: Quicksilver Bolt
Press: ? - help, Shift-Dir - straight line, f/p - Duvessa
Aim: Duvessa, wielding a +0 rapier and wearing a +0 leather armour (heavily wounded, berserk, 75% to hit)
The bolt of dispelling energy hits Duvessa!
Duvessa is severely wounded.
The now-empty wand crumbles to dust.
Duvessa hits you with a +0 rapier.
* * * LOW HITPOINT WARNING * * *
You barely miss Duvessa.
Duvessa is severely wounded.
Duvessa closely misses you.
You hit Duvessa but do no damage.
Duvessa is severely wounded.
You hit Duvessa.
Duvessa is almost dead.
Duvessa hits you with a +0 rapier!
* * * LOW HITPOINT WARNING * * *
You hit Duvessa but do no damage.
Duvessa is almost dead.
Duvessa hits you with a +0 rapier.
* * * LOW HITPOINT WARNING * * *
You barely miss Duvessa.
Duvessa is almost dead.
You barely miss Duvessa.
Duvessa is almost dead.
Duvessa hits you with a +0 rapier!
* * * LOW HITPOINT WARNING * * *
You hit Duvessa but do no damage.
Duvessa is almost dead.
You closely miss Duvessa.
Duvessa is almost dead.
Duvessa hits you with a +0 rapier!
You die...

#.#* * * #.# #.#..#
#.##########.##.#
#.#........#.##.#
##.#.######.#.##.#
............#.##.#
##......)...#.##)#
...#.#....#.#.##e#
##.#.....)..#.##@#
..............##.#
##.#.<.........#.#
#.#†#########.#.###
#.#.#########.....#
#.#.))........#####
#.###########.#
#.., ,, ..# ##
*####


You could see Duvessa (berserk).

Vanquished Creatures
  A scorpion (D:4)
  Dowan (D:4)
  A hound (D:3)
  3 orc wizards
  Robin (D:2)
  3 adders
  A worm (D:3)
  A dart slug (D:1)
  15 orcs
  An endoplasm (D:1)
  11 giant cockroaches
  13 goblins
  5 hobgoblins
  2 jackals (D:3)
  2 quokkas (D:1)
  6 ball pythons
  3 bats
  2 frilled lizards (D:1)
  3 kobolds
  2 rats
77 creatures vanquished.

Notes
Turn   | Place    | Note
-------+----------+-------------------------------------------
     0 | D:1      | lunkers the Meteoran Gladiator began the quest for the Orb.
     0 | D:1      | Reached XP level 1. HP: 17/17 MP: 2/2
    92 | D:1      | Reached XP level 2. HP: 24/24 MP: 3/3
   142 | D:1      | Reached skill level 4 in Short Blades
   222 | D:1      | Reached XP level 3. HP: 29/29 MP: 4/4
   552 | D:2      | Noticed Robin
   579 | D:2      | Reached XP level 4. HP: 31/36 MP: 5/5
   590 | D:2      | Killed Robin
   591 | D:2      | Reached skill level 5 in Short Blades
   984 | D:3      | Reached XP level 5. HP: 40/41 MP: 6/6
  1041 | D:3      | Reached skill level 6 in Short Blades
  1305 | D:3      | Reached XP level 6. HP: 48/48 MP: 7/7
  1484 | D:4      | Reached skill level 7 in Short Blades
  1540 | D:4      | Noticed Duvessa
  1541 | D:4      | Noticed Dowan
  1559 | D:4      | Killed Dowan
  1560 | D:4      | Reached XP level 7. HP: 35/55 MP: 8/8
  1569 | D:4      | Slain by Duvessa

Illustrated notes

Levels and vault maps discovered:
D:1:      dpeg_arrival_shelter, layout_basic,
          hellmonk_ecumenical_altar_leap_of_faith
D:2:      layout_basic, basic_altar, kennysheep_doodads, uniq_robin
D:3:      minmay_roachtagon, layout_basic, chequers_serial_rivers_small_3,
          uniq_natasha
D:4:      minmay_chambers_of_threes, layout_basic, kennysheep_big_empty_room,
          minmay_circle_x, uniq_duvessa

Skill      XL: |  1  2  3  4  5  6 |
---------------+-------------------+-----
Short Blades   | 4 5 6 7 |  7.9
Fighting       | |  2.1
Throwing       | |  2.4
Dodging        | |  3.6

Action                   |  1- 3 |  4- 6 |  7- 9 || total
-------------------------+-------+-------+-------++-------
Melee: Rapier            |    65 |       |       ||    65
       Punch             |     1 |     4 |       ||     5
       Dagger            |    34 |   296 |     8 ||   338
Evoke: Wand              |       |     2 |     2 ||     4
Armor: Leather armour    |    29 |    59 |       ||    88
Dodge: Dodged            |    63 |   104 |     2 ||   169

Table legend: (Time is in decaauts)
 A = Elapsed time spent in this place.
 B = Non-inter-level travel time spent in this place.
 C = Inter-level travel time spent in this place.
 D = Time resting spent in this place.
 E = Time spent auto-exploring this place.
 F = Levels seen in this place.
 G = Mean time per level.
                   A        B        C        D        E       F      G
               +--------+--------+--------+--------+--------+-----+--------+
         Total |   1387 |   1338 |     49 |      2 |    870 |   4 |  346.8 |
       Dungeon |   1387 |   1338 |     49 |      2 |    870 |   4 |  346.8 |
               +--------+--------+--------+--------+--------+-----+--------+

Top non-repeatable levels by time:
     D:2: 646 daAuts
     D:3: 392 daAuts
     D:1: 278 daAuts
     D:4: 70 daAuts
